 Dungeon Crawl Stone Soup version 0.27-a0-1188-g73eefd5def (webtiles) character file.

Game seed: 1874174520070241214

1449 chippings the Ruffian (level 8, -5/73 HPs)
             Began as a Ghoul Gladiator on May 21, 2021.
             Was a Believer of Makhleb.
             Slain by a troll (13 damage)
             ... on level 6 of the Dungeon.
             The game lasted 00:10:43 (5185 turns).

chippings the Ruffian (Ghoul Gladiator)             Turns: 5185, Time: 00:10:44

Health: -5/73      AC:  9    Str: 20    XL:     8   Next: 75%
Magic:  0/18       EV:  8    Int:  7    God:    Makhleb [**....]
Gold:   224        SH:  4    Dex: 10    Spells: 7/7 levels left

rFire    + . .     SeeInvis +     - Unarmed
rCold    + . .     Faith    .   n - +0 buckler
rNeg     + + +     Spirit   +   i - +0 chain mail
rPois    ∞         Reflect  .   b - +0 helmet
rElec    .         Harm     .   (no cloak)
rCorr    .         Rampage  .   (no gloves)
Will     .....                  (no boots)
Stlth    ..........             m - amulet of guardian spirit
HPRegen  0.00/turn              d - ring of magical power
MPRegen  0.16/turn              k - ring "Umouf" {rF+ rN+ Int+4 SInv Stlth+}

@: no status effects
A: claws 1, cold resistance 1, negative energy resistance 3, inhibited
regeneration, torment resistance 2
a: Renounce Religion, Minor Destruction


You were on level 6 of the Dungeon.
You worshipped Makhleb.
Makhleb was pleased with you.
You visited 2 branches of the dungeon, and saw 7 of its levels.
You also visited: Ossuary.

You collected 224 gold pieces.

Inventory:

Hand Weapons
 g - a +3 spectral dagger
 r - a +3 dagger
Missiles
 c - 3 throwing nets
 f - 15 poisoned darts (quivered)
Armour
 b - a +0 helmet (worn)
 i - a +0 chain mail (worn)
 n - a +0 buckler (worn)
Jewellery
 d - a ring of magical power (left claw)
 e - an amulet of the acrobat
 k - the ring "Umouf" (right claw) {rF+ rN+ Int+4 SInv Stlth+}
   (You acquired it on level 3 of the Dungeon)

   [ring of see invisible]

   It affects your intelligence (+4).
   It protects you from fire.
   It protects you from negative energy.
   It lets you see invisible.
   It makes you more stealthy.
 m - an amulet of guardian spirit (around neck)
Scrolls
 a - 3 scrolls of magic mapping
 h - a scroll of brand weapon
 l - a scroll of torment
 t - a scroll of fog
 v - 2 scrolls of identify
 w - 2 scrolls of noise {unknown}
 y - a scroll of blinking {unknown}
 C - a scroll of holy word {unknown}
Potions
 j - 5 potions of curing {unknown}
 o - 4 potions of brilliance
 p - a potion of flight {unknown}
 q - 2 potions of haste {unknown}
 s - a potion of attraction {unknown}
 u - 4 potions of lignification {unknown}
 x - a potion of might {unknown}
 z - a potion of heal wounds {unknown}
 A - a potion of magic {unknown}
 B - a potion of invisibility {unknown}


   Skills:
 + Level 7.0 Fighting
 - Level 1.7 Throwing
 - Level 2.6 Dodging
 - Level 4.0 Shields
 + Level 7.5 Unarmed Combat
 + Level 3.9 Invocations


You had 7 spell levels left.
You didn't know any spells.
Your spell library contained the following spells:

 Spells                   Type           Power      Damage    Failure   Level
 Shock                    Conj/Air       0%         1d3       99%         1
 Static Discharge         Conj/Air       0%         N/A       100%        2
 Swiftness                Air            0%         N/A       100%        3
 Airstrike                Air            0%         N/A       100%        4
 Lightning Bolt           Conj/Air       0%         1d11      100%        5


Dungeon Overview and Level Annotations

Branches:
Dungeon (6/15)             Temple (1/1) D:5         Ossuary (visited)

Altars:
Cheibriados
Fedhas
Gozag
Kikubaaqudgha
Makhleb
Nemelex Xobeh
Ru


Innate Abilities, Weirdness & Mutations

You thrive by killing the living.
You are immune to poison.
You have sharp fingernails.
Your flesh is cold resistant. (rC+)
You are immune to negative energy. (rN+++)
You do not regenerate when monsters are visible.
You are immune to unholy pain and torment.


Message History

The troll is lightly wounded.
The troll bites you. The troll claws you!
The troll claws you but does no damage.
You scratch the troll.
The troll is moderately wounded.
The troll bites you. You block the troll's attack. x2
You barely miss the troll.
The troll is moderately wounded.
The troll bites you but does no damage. You block the troll's attack.
The troll claws you.
You scratch the troll.
The troll is moderately wounded.
You claw the troll!
The troll is heavily wounded.
You block the troll's attack. The troll claws you but does no damage.
The troll claws you.
You scratch the troll.
The troll is severely wounded.
The troll bites you! You block the troll's attack. The troll barely misses you.
You scratch the troll.
The troll is severely wounded.
The troll closely misses you. You block the troll's attack.
The troll claws you.
You closely miss the troll.
The troll is severely wounded.
The troll bites you! The troll barely misses you. You block the troll's attack.
You closely miss the troll.
The troll is severely wounded.
The troll completely misses you. The troll claws you!
You block the troll's attack.
You barely miss the troll.
The troll is heavily wounded.
The troll bites you!
* * * LOW HITPOINT WARNING * * *
The troll barely misses you. The troll claws you!
* * * LOW HITPOINT WARNING * * *
You claw the troll!
The troll is almost dead.
The troll bites you!
You die...

###
######
..##!...#
..+....+
#.#....#
......#
#.....#
#.....#
#@#
#....T.#
#......#
#....#..
#.... ...
#.###
#.## ..
.. .# ...


You could see a troll.

Vanquished Creatures
  A hornet zombie (D:5)
  A black bear (D:5)
  Blork the orc (D:5)
  4 elf zombies (Ossuary)
  A gnoll sergeant (D:4)
  A scorpion (D:5)
  A jelly (D:5)
  4 centaur zombies
  5 human zombies (Ossuary)
  An orc priest (D:3)
  A hound (D:3)
  Terence (D:3)
  3 iguanas
  3 orc wizards (D:3)
  4 mummies
  2 adders
  4 gnolls
  2 white imps (D:5)
  2 adder skeletons (D:4)
  A worm (D:3)
  3 dart slugs
  15 orcs
  7 endoplasms
  2 giant cockroaches
  10 hobgoblins
  6 jackals
  5 kobolds
  3 quokkas
  7 ball pythons
  5 bats
  2 frilled lizards
  6 goblins
  6 rats
120 creatures vanquished.

Notes
Turn   | Place    | Note
-------+----------+-------------------------------------------
     0 | D:1      | chippings the Ghoul Gladiator began the quest for the Orb.
     0 | D:1      | Reached XP level 1. HP: 17/17 MP: 0/0
   145 | D:1      | Reached XP level 2. HP: 25/25 MP: 1/1
   410 | D:1      | Reached XP level 3. HP: 27/31 MP: 2/2
  1446 | D:3      | Noticed Terence
  1459 | D:3      | Killed Terence
  1460 | D:3      | Reached XP level 4. HP: 40/40 MP: 3/3
  1535 | D:3      | Reached skill level 1 in Shields
  1535 | D:3      | Reached XP level 5. HP: 25/46 MP: 4/4
  1785 | D:3      | Found a burning altar of Makhleb.
  1991 | D:3      | Became a worshipper of Makhleb the Destroyer
  2023 | D:3      | Reached skill level 5 in Unarmed Combat
  2036 | D:3      | Reached XP level 6. HP: 38/53 MP: 5/5
  2052 | D:3      | Found a sacrificial altar of Ru.
  2238 | D:3      | Identified a scroll of acquirement
  2238 | D:3      | Acquired the ring "Umouf" {rF+ rN+ Int+4 SInv Stlth+}
  2732 | D:4      | Found an opulent altar of Gozag.
  2732 | D:4      | Found a blossoming altar of Fedhas.
  2737 | D:4      | Found a snail-covered altar of Cheibriados.
  2739 | D:4      | Found an ancient bone altar of Kikubaaqudgha.
  2740 | D:4      | Found a faded altar of an unknown god.
  2743 | D:4      | Reached * piety under Makhleb
  2915 | D:4      | Found a sand-covered staircase.
  2932 | Ossuary  | Entered an ossuary
  3030 | Ossuary  | Reached skill level 5 in Fighting
  3030 | Ossuary  | Reached XP level 7. HP: 46/61 MP: 6/6
  3159 | Ossuary  | Reached skill level 1 in Invocations
  3167 | Ossuary  | Reached XP level 8. HP: 60/70 MP: 8/8
  3632 | D:5      | Entered Level 5 of the Dungeon
  3636 | D:5      | Noticed Blork the orc
  3653 | D:5      | Killed Blork the orc
  3708 | D:5      | Reached ** piety under Makhleb
  3970 | D:5      | Found a staircase to the Ecumenical Temple.
  3975 | Temple   | Entered the Ecumenical Temple
  5171 | D:6      | Noticed a troll
  5185 | D:6      | Slain by a troll

Illustrated notes

Levels and vault maps discovered:
D:1:      sevenhm_arrival_forest_fort_small_4, layout_loops_ring, hex_tiny
D:2:      layout_basic, minmay_stone_trees_medium
D:3:      layout_basic, lemuel_doored_altar, nicolae_ru_awakened_eye,
          kennysheep_cluttered_room, hangedman_decor_peaks_small, uniq_terence
D:4:      layout_basic, chequers_temple_overflow_minitemple,
          gup_ossuary_entry_pyramid
D:5:      black_bear_nest_2, layout_loops_corners,
          minmay_temple_entry_statues_pillars, uniq_blork_the_orc
D:6:      layout_basic
Temple:   eino_wide_crystal_templ

Skill      XL: |  1  2  3  4  5  6  7  8 |
---------------+-------------------------+-----
Fighting       | 3 4 5 7 |  7.0
Unarmed Combat | 4 5 6 7 |  7.5
Shields        | 1 2 3 4 |  4.0
Invocations    | 1 3 |  3.9
Throwing       | |  1.7
Dodging        | |  2.6

Action                   |  1- 3 |  4- 6 |  7- 9 || total
-------------------------+-------+-------+-------++-------
Melee: Unarmed           |   126 |   204 |   277 ||   607
       Punch             |     1 |     3 |       ||     4
Throw: Dart              |     2 |       |     1 ||     3
Invok: Minor Destruction |       |       |     5 ||     5
  Use: Scroll            |       |     9 |       ||     9
Armor: Leather armour    |    22 |       |       ||    22
       Chain mail        |    29 |   108 |    83 ||   220
Dodge: Dodged            |    48 |    51 |    72 ||   171
Block: Buckler           |     2 |    16 |    60 ||    78

Table legend: (Time is in decaauts)
 A = Elapsed time spent in this place.
 B = Non-inter-level travel time spent in this place.
 C = Inter-level travel time spent in this place.
 D = Time resting spent in this place.
 E = Time spent auto-exploring this place.
 F = Levels seen in this place.
 G = Mean time per level.
                   A        B        C        D        E       F      G
               +--------+--------+--------+--------+--------+-----+--------+
         Total |   5138 |   5003 |    135 |      6 |   3160 |   8 |  642.2 |
       Dungeon |   4888 |   4753 |    135 |      6 |   3160 |   6 |  814.7 |
        Temple |      4 |      4 |      0 |      0 |      0 |   1 |    4.0 |
       Ossuary |    245 |    245 |      0 |      0 |      0 |   1 |  245.0 |
               +--------+--------+--------+--------+--------+-----+--------+

Top non-repeatable levels by time:
     D:5: 1490 daAuts
     D:3: 1288 daAuts
     D:1: 859 daAuts
     D:4: 697 daAuts
     D:2: 540 daAuts
 Ossuary: 245 daAuts
     D:6: 12 daAuts
  Temple: 4 daAuts
